 Dungeon Crawl Stone Soup version 0.25-a0-479-g8579842fd4 (webtiles) character file.

Game seed: 11834411353838295708, levelgen mode: deterministic

31 Kohma the Stinger (level 3, -2/26 HPs)
             Began as a Draconian Venom Mage on Feb 9, 2020.
             Slain by a killer bee zombie (4 damage)
             ... on level 2 of the Dungeon.
             The game lasted 00:04:07 (1578 turns).

Kohma the Stinger (Draconian Venom Mage)            Turns: 1578, Time: 00:04:08

Health: -2/26      AC:  5    Str: 10    XL:     3   Next: 7%
Magic:  3/6        EV: 12    Int: 16    God:
Gold:   50         SH:  0    Dex: 11    Spells: 3/6 levels left

rFire    . . .     SeeInvis .   d - +0 dagger
rCold    . . .     Gourm    .   (no shield)
rNeg     . . .     Faith    .   (armour unavailable)
rPois    .         Spirit   .   (helmet restricted)
rElec    .         Reflect  .   (no cloak)
rCorr    .         Harm     .   (no gloves)
MR       .....                  (no boots)
Stlth    ++........             (no amulet)
HPRegen  0.08/turn              (no ring)
MPRegen  0.10/turn              (no ring)

@: very slightly contaminated, hasted, very quick
A: unfitting armour, cold-blooded, AC +5
a: no special abilities


You were on level 2 of the Dungeon.
You were not hungry.

You visited 1 branch of the dungeon, and saw 2 of its levels.

You collected 50 gold pieces.

Inventory:

Hand Weapons
 d - a +0 dagger (weapon)
Missiles
 a - 8 javelins (quivered)
 h - 14 poisoned darts
Scrolls
 c - 5 scrolls of identify {unknown}
 g - a scroll of fog {unknown}
 i - a scroll of noise {unknown}
 j - a scroll of enchant weapon {unknown}
 l - a scroll of magic mapping {unknown}
 m - a scroll of enchant armour {unknown}
Potions
 e - a potion of brilliance {unknown}
 f - a potion of haste
Comestibles
 b - 6 rations
 k - a chunk of flesh


   Skills:
 - Level 1.7 Dodging
 - Level 1.7 Stealth
 + Level 2.3 Spellcasting
 - Level 1.0 Transmutations
 * Level 1.0 Air Magic
 * Level 3.7 Poison Magic


You had 3 spell levels left.
You knew the following spells:

 Your Spells              Type           Power        Failure   Level  Hunger
a - Sting                 Tmut/Pois      #...         8%          1    #......
b - Poisonous Vapours     Pois/Air       #.....       12%         2    ###....

Your spell library contained the following spells:

 Spells                   Type           Power        Failure   Level  Hunger
 Ignite Poison            Fire/Tmut/Pois #.......     30%         3    ###....
 Mephitic Cloud           Conj/Pois/Air  #.......     30%         3    ###....
 Olgreb's Toxic Radiance  Pois           ##......     38%         4    #####..


Dungeon Overview and Level Annotations

Branches:
Dungeon (2/15)

Altars:


Innate Abilities, Weirdness & Mutations

Your plain brown scales are hard. (AC +5)
You cannot fit into any form of body armour.
You are cold-blooded and may be slowed by cold attacks.


Message History

The killer bee zombie hits you but does no damage.
You hit the killer bee zombie but do no damage.
The killer bee zombie is heavily damaged.
The killer bee zombie hits you. x2
* * * LOW HITPOINT WARNING * * *
You hit the killer bee zombie.
The killer bee zombie is severely damaged.
The killer bee zombie hits you.
* * * LOW HITPOINT WARNING * * *
The killer bee zombie hits you but does no damage.
The killer bee zombie misses you.
The killer bee zombie completely misses you.
The killer bee zombie closely misses you.
The killer bee zombie closely misses you.
The killer bee zombie hits you.
* * * LOW HITPOINT WARNING * * *
You aren't carrying any items that you can evoke.
It was a potion of haste.
You feel yourself speed up. The killer bee zombie hits you.
You die...

#.......#.#.....÷÷...
#.......#.#.......###
#.......#†#.......#
#.#######.#########
#.# #.# #.# #.# #.###
#.# #.#.#####.#
#.#.@Z....#
#...####### #####


You could see a killer bee zombie.

Vanquished Creatures
  An ooze (D:1)
  A leopard gecko (D:1)
  3 giant cockroaches (D:1)
  2 goblins
  3 hobgoblins
  4 kobolds (D:1)
  4 bats (D:1)
  3 frilled lizards
  4 rats
25 creatures vanquished.

Notes
Turn   | Place    | Note
-------+----------+-------------------------------------------
     0 | D:1      | Kohma the Draconian Venom Mage began the quest for the Orb.
     0 | D:1      | Reached XP level 1. HP: 14/14 MP: 3/3
   330 | D:1      | Reached XP level 2. HP: 20/20 MP: 3/5
   389 | D:1      | Learned a level 2 spell: Poisonous Vapours
  1374 | D:2      | Reached skill level 1 in Air Magic
  1490 | D:2      | Reached XP level 3. HP: 26/26 MP: 1/6
  1578 | D:2      | Slain by a killer bee zombie

Levels and vault maps discovered:
D:1:      sevenhm_arrival_forest_fort_small_6, layout_basic,
          minmay_worlds_worst_comb
D:2:      layout_rooms, lemuel_crystal_altar, chequers_ecumenical_altar_island,
          serial_co_window_serial, co_window_of_opportunity_a,
          co_window_corner_a, co_window_paths_b, co_window_corner_a,
          co_window_cross_1, co_window_paths_b, co_window_of_opportunity_b,
          co_window_broadway_c, co_window_cross_3, co_window_2corner,
          co_window_unsneaky_path_c, glass_columns_b, glass_columns_a,
          glass_columns_a, glass_columns_a, wad_floor_pattern_untrapped

Skill      XL: |  1  2 |
---------------+-------+-----
Air Magic      | 1 |  1.0
Dodging        | |  1.7
Stealth        | |  1.7
Spellcasting   | |  2.3
Transmutations | |  1.0
Poison Magic   | |  3.7

Action                   || total
-------------------------++-------
Melee: Unarmed           ||    23
       Tailslap          ||     4
       Dagger            ||    25
Throw: Javelin           ||     1
 Cast: Sting             ||    24
       Poisonous Vapours ||     9
  Use: Potion            ||     1
 Stab: Sleeping          ||     1
  Eat: Chunk             ||     3
Armor: Skin              ||    20
Dodge: Dodged            ||    47

Table legend:
 A = Non-vault XP
 B = Vault XP
 C = Vault XP percentage of total XP
 D = Non-vault monster count
 E = Vault monster count
 F = Vault count percentage of total count
                 A         B        C        D         E       F
            +---------+---------+-------+---------+---------+-------
      Total |      41 |       4 |   8.9 |      23 |       2 |   8.0
            +---------+---------+-------+---------+---------+-------
        D:1 |      32 |       4 |  11.1 |      17 |       2 |  10.5
        D:2 |       9 |       0 |   0.0 |       6 |       0 |   0.0
            +---------+---------+-------+---------+---------+-------
